 Dungeon Crawl Stone Soup version 0.21.1-1-g345015f (webtiles) character file.

4335 Wehk the Geomancer (level 10, 6/53 HPs)
             Began as a Gargoyle Earth Elementalist on Feb 6, 2018.
             Was a Follower of Vehumet.
             Quit the game on level 1 of the Lair of Beasts.
             The game lasted 00:39:18 (8665 turns).

Wehk the Geomancer (Gargoyle Earth Elementalist)    Turns: 8665, Time: 00:39:19

Health: 6/53       AC: 13    Str: 11    XL:     10   Next: 33%
Magic:  6/19       EV: 14    Int: 18    God:    Vehumet [*.....]
Gold:   336        SH:  4    Dex: 10    Spells: 10/21 levels left

rFire    . . .     SeeInvis .   w - +0 morningstar
rCold    + . .     Gourm    .   z - +0 buckler
rNeg     + + .     Faith    .   c - +0 robe
rPois    ∞         Spirit   .   B - +0 hat
rElec    +         Reflect  .   v - +0 cloak of the Iron City of Dis {rPois rF+ rN+}
rCorr    .         Harm     .   (no gloves)
MR       .....                  r - +0 pair of boots
Stlth    ++........             (no amulet)
HPRegen  0.17/turn              h - ring of ice
MPRegen  0.16/turn              (no ring)

@: very slightly contaminated
A: molten scales 1, dopey 1, frail 1, negative energy resistance 1, electricity
resistance, unbreathing, petrification resistance, rot immunity, subdued magic
1, AC +7
a: Renounce Religion


You were on level 1 of the Lair of Beasts.
You worshipped Vehumet.
Vehumet was aware of your devotion.
You were very hungry.

You visited 3 branches of the dungeon, and saw 11 of its levels.

You collected 336 gold pieces.

Inventory:

Hand Weapons
 w - a +0 morningstar (weapon)
Missiles
 q - a tomahawk (quivered)
 s - 66 poisoned needles
 Z - a throwing net {!f}
Armour
 c - a +0 robe (worn)
 i - a +1 scale mail of magic resistance
 r - a +0 pair of boots (worn)
 v - the +0 cloak of the Iron City of Dis (worn) {rPois rF+ rN+}
   (You found it on level 4 of the Dungeon)

   It protects you from fire.
   It protects you from poison.
   It protects you from negative energy.
 z - a +0 buckler (worn)
 B - a +0 hat (worn)
Jewellery
 h - a ring of ice (left hand)
Wands
 b - a wand of random effects (19)
Scrolls
 a - 2 scrolls of immolation
 f - 5 scrolls of enchant weapon
 j - 5 scrolls of remove curse {remove curse}
 l - 2 scrolls of magic mapping
 m - 4 scrolls of amnesia
 u - a scroll of identify
Potions
 d - a potion of curing {curing}
 n - a potion of might
 p - 2 potions of resistance
 t - 3 potions of mutation
 x - a potion of cancellation
Books
 e - a book of Geomancy

   Spells                             Type                      Level
   a - Sandblast                      Earth                        1
   b - Passwall                       Transmutation/Earth          2
   c - Stone Arrow                    Conjuration/Earth            3
   d - Petrify                        Transmutation/Earth          4
   e - Lee's Rapid Deconstruction     Earth                        5
Comestibles
 g - 9 rations


   Skills:
 - Level 5.0 Fighting
 - Level 7.0 Maces & Flails
 - Level 5.3 Dodging
 - Level 2.1 Stealth
 - Level 4.3 Shields
 + Level 6.2 Spellcasting
 - Level 0.7 Transmutations
 - Level 9.0 Earth Magic


You had 10 spell levels left.
You knew the following spells:

 Your Spells              Type           Power        Failure   Level  Hunger
a - Stone Arrow           Conj/Erth      ###...       4%          3    ##.....
d - Lee's Rapid Deconstr  Erth           ####......   6%          5    #####..
p - Passwall              Tmut/Erth      ###.......   1%          2    None
s - Sandblast             Erth           ####..       1%          1    None


Dungeon Overview and Level Annotations

Branches:
Dungeon (9/15)             Temple (1/1) D:7            Lair (1/6) D:8
    Orc: D:9-12

Altars:
Ashenzari
Cheibriados
Fedhas
Gozag
Hepliaklqana
Makhleb
Nemelex Xobeh
Qazlal
Ru
Uskayaw
Vehumet
Wu Jian

Shops:
D:9 =

Annotations:
D:7 exclusion: door
D:8 exclusion: downstairs
D:9 Ratty's ghost, novice CeMo


Innate Abilities, Weirdness & Mutations

You are resistant to torment.
Your stone body is resilient. (AC +7)
You are immune to poison.
You resist negative energy. (rN+)
You are resistant to electric shocks. (rElec)
You can survive without breathing.
You are immune to petrification.
You are immune to rotting.
You are partially covered in molten scales. (AC +2)
You are dopey. (Int -2)
You are frail. (-10% HP)
Your spells are a little easier to cast, but a little less powerful.


Message History

The blink frog blinks!
Unknown command.
Unknown command.
Unknown command.
Aiming: Phantom Mirror
Press: ? - help, Dir - move target cursor, f - yak, p - water moccasin
Aim: a yak (translocational energy)
You reflect the yak with the mirror, and the mirror shatters!
The water moccasin closely misses you.
The blink frog blinks!
The hippogriff bites you but does no damage.
The hippogriff barely misses you. The hippogriff claws you.
* * * LOW HITPOINT WARNING * * *
The yak gores you!
* * * LOW HITPOINT WARNING * * *
Your yak barely misses the yak.
The water moccasin bites you but does no damage.
Okay, then.
Unknown command.
Okay, then.
Are you sure you want to abandon this character and quit the game? (Confirm with "yes".)

. ..#....... #.
..........
.##.#.......
....#......#
P.#......# ..
#...Y.# .# ...
#t#Y..# .# ....
#HSY..##.##....
#@#...#.......#
#!Y.≈.........#
##.tY≈≈≈≈≈≈.../#
#.F≈≈≈≈≈§≈≈≈...#
....≈≈≈≈≈≈≈≈≈...P
...)≈≈≈≈≈.≈≈≈≈≈..#
.P...≈≈≈≈≈<.≈≈≈....
.#....≈≈≈≈.≈≈≈≈....
..≈≈≈≈≈≈≈≈≈≈≈...


You could see a hippogriff, 4 yaks, a blink frog, a water moccasin, 2 crocodiles
and a friendly yak.

Vanquished Creatures
  The ghost of nikopol the Thaumaturge, a novice DEFE of Vehumet (D:6)
  A blink frog (Lair:1)
  A human (D:8)
  2 porcupines (D:8)
  3 orc warriors
  An ice beast (D:9)
  7 black bears
  A phantom (D:5)
  6 ogres
  3 centaurs
  7 bullfrogs
  A wyvern skeleton (D:7)
  2 scorpions
  A killer bee (D:8)
  A howler monkey (D:4)
  A centaur zombie (D:9)
  3 crimson imps
  A quasit (D:9)
  A bullfrog zombie (D:7)
  Crazy Yiuf (D:6)
  A bullfrog skeleton (D:6)
  A jelly (D:7)
  6 orc wizards
  A centaur skeleton (D:9)
  An iguana (D:5)
  7 worker ants
  A hound skeleton (D:8)
  4 gnolls (D:8)
  A howler monkey skeleton (D:6)
  12 adders
  2 shadow imps (D:7)
  An adder zombie (D:5)
  3 worms
  2 dart slugs
  3 leopard geckos
  28 orcs
  14 giant cockroaches
  6 goblins
  6 hobgoblins
  3 jackals (D:6)
  8 kobolds
  6 quokkas
  A ball python zombie (D:5)
  5 bats
  5 frilled lizards
  A giant cockroach zombie (D:6)
  A quokka skeleton (D:4)
  9 rats
  A fungus (D:8)
185 creatures vanquished.

Vanquished Creatures (others)
  7 fungi (D:8)
7 creatures vanquished.

Grand Total: 192 creatures vanquished

Notes
Turn   | Place    | Note
-------+----------+-------------------------------------------
     0 | D:1      | Wehk the Gargoyle Earth Elementalist began the quest for the Orb.
     0 | D:1      | Reached XP level 1. HP: 10/10 MP: 3/3
   398 | D:1      | Reached XP level 2. HP: 10/15 MP: 0/5
   465 | D:1      | Reached skill level 4 in Earth Magic
   878 | D:2      | Reached XP level 3. HP: 14/19 MP: 6/6
  1117 | D:2      | Reached skill level 5 in Earth Magic
  1134 | D:2      | Reached XP level 4. HP: 19/24 MP: 0/7
  1633 | D:3      | Reached skill level 1 in Fighting
  1633 | D:3      | Reached skill level 1 in Maces & Flails
  1633 | D:3      | Reached XP level 5. HP: 26/29 MP: 2/9
  2326 | D:4      | Found a blossoming altar of Fedhas.
  2364 | D:4      | Got a brightly glowing cloak
  2380 | D:4      | Identified the +0 cloak of the Iron City of Dis {rPois rF+ rN+} (You found it on level 4 of the Dungeon)
  2426 | D:4      | Noticed an ogre
  2431 | D:4      | Killed an ogre
  2431 | D:4      | Reached XP level 6. HP: 37/37 MP: 3/10
  2670 | D:4      | Noticed an orc warrior
  2682 | D:4      | Killed an orc warrior
  3203 | D:4      | Reached XP level 7. HP: 40/41 MP: 11/11
  3485 | D:5      | Entered Level 5 of the Dungeon
  3589 | D:5      | Reached skill level 5 in Maces & Flails
  4148 | D:6      | Reached XP level 8. HP: 46/46 MP: 8/12
  4304 | D:6      | Noticed nikopol's ghost (novice DEFE)
  4393 | D:6      | Killed nikopol's ghost
  4808 | D:6      | HP: 2/46 [ogre/giant spiked club (26)]
  4809 | D:6      | Reached skill level 5 in Dodging
  5369 | D:6      | Found a runed door.
  5373 | D:6      | Noticed Crazy Yiuf
  5376 | D:6      | Killed Crazy Yiuf
  5498 | D:6      | Reached XP level 9. HP: 42/53 MP: 4/13
  5537 | D:7      | Reached skill level 5 in Fighting
  5680 | D:7      | Found a staircase to the Ecumenical Temple.
  5692 | Temple   | Entered the Ecumenical Temple
  5724 | Temple   | Became a worshipper of Vehumet
  5842 | D:7      | Noticed a red ugly thing
  6354 | D:8      | Reached * piety under Vehumet
  6354 | D:8      | Offered knowledge of Magic Dart by Vehumet.
  6354 | D:8      | Reached skill level 5 in Spellcasting
  6366 | D:8      | Reached skill level 6 in Earth Magic
  6444 | D:7      | Gained mutation: You are frail. (-10% HP) [potion of mutation]
  6444 | D:7      | Gained mutation: Your spells are a little easier to cast, but a little less powerful. [potion of mutation]
  6444 | D:7      | Gained mutation: You are dopey. (Int -2) [potion of mutation]
  6444 | D:7      | Gained mutation: You are partially covered in molten scales. (AC +2) [potion of mutation]
  6739 | D:8      | Found a staircase to the Lair.
  6747 | D:8      | Reached skill level 7 in Earth Magic
  6972 | D:8      | Reached XP level 10. HP: 53/53 MP: 17/17
  7202 | D:8      | Reached skill level 8 in Earth Magic
  7651 | D:8      | Learned a level 2 spell: Passwall
  7655 | D:8      | Learned a level 3 spell: Stone Arrow
  7661 | D:8      | Learned a level 5 spell: Lee's Rapid Deconstruction
  8076 | D:9      | Reached skill level 9 in Earth Magic
  8418 | D:9      | Found Pyt Lixt's Jewellery Shop.
  8451 | D:9      | Noticed Ratty's ghost (novice CeMo)
  8456 | D:9      | Noticed a two-headed ogre
  8501 | D:9      | Noticed a two-headed ogre
  8638 | Lair:1   | Entered Level 1 of the Lair of Beasts
  8665 | Lair:1   | Quit the game

Skill      XL: |  1  2  3  4  5  6  7  8  9 10 |
---------------+-------------------------------+-----
Dodging        | 2 5 |  5.3
Earth Magic    | 4 5 7 9 |  9.0
Spellcasting   | 3 5 6 |  6.2
Fighting       | 1 3 4 5 |  5.0
Maces & Flails | 1 2 4 5 7 |  7.0
Shields        | 4 |  4.3
Stealth        | |  2.1
Transmutations | |  0.7

Action                   |  1- 3 |  4- 6 |  7- 9 | 10-12 || total
-------------------------+-------+-------+-------+-------++-------
Melee: Unarmed           |    25 |       |       |       ||    25
       Mace              |    29 |    32 |       |       ||    61
       Flail             |       |    34 |       |       ||    34
       Morningstar       |       |    24 |   327 |   104 ||   455
Throw: Stone             |       |    13 |     1 |       ||    14
       Tomahawk          |       |       |    12 |     8 ||    20
       Throwing net      |       |       |     1 |       ||     1
 Cast: Sandblast         |    31 |    58 |    65 |       ||   154
       Stone Arrow       |       |       |       |    14 ||    14
       Lee's Rapid Decon |       |       |       |    11 ||    11
Evoke: Wand              |       |       |    14 |     5 ||    19
       Phantom mirror    |       |       |       |     1 ||     1
  Use: Scroll            |       |     9 |     4 |     1 ||    14
       Potion            |       |     1 |     7 |       ||     8
 Stab: Sleeping          |     2 |     4 |     1 |       ||     7
  Eat: Chunk             |     1 |     6 |    10 |     5 ||    22
       Ration            |       |       |     1 |     1 ||     2
Armor: Robe              |    21 |    31 |     8 |    38 ||    98
       Scale mail        |       |       |   188 |    62 ||   250
Dodge: Dodged            |    44 |    73 |   168 |    82 ||   367
Block: Buckler           |       |       |    68 |    25 ||    93
